Pick #1

Connor Bedard
Pick #2

Leo Carlsson
Pick #3

Adam Fantilli
Pick #4

Matvei Michkov
Pick #5

David Reinbacher
Pick #6

William Smith
Pick #7

Zachary Benson
Pick #8

Ryan Leonard
Pick #9

Gabriel Perreault
Pick #10

Axel Sandin-Pellika
Pick #11

Daniil But
Pick #12

Dalibor Dvorsky
Pick #13

Quentin Musty
Pick #14

Brayden Yager
Pick #15

Dmitry Simashev
Pick #16

Colby Barlow
Pick #17

Andrew Cristall
Pick #18

Easton Cowan
Pick #19

Jacob Fowler
Pick #20

Oliver Moore
Pick #21

Oliver Bonk
Pick #22

Tom Willander
Pick #23

Calum Ritchie
Pick #24

Tanner Molendyk
Pick #25

Gavin Brindley
Pick #26

Nate Danielson
Pick #27

Pick #28

Pick #29

Pick #30

Pick #31

Pick #32

Pick #33

Pick #34

Pick #35

Pick #36

Pick #37

Pick #38

Pick #39

Pick #40

Pick #41

Pick #42

Pick #43

Pick #44

Pick #45

Pick #46

Pick #47

Pick #48

Pick #49

Pick #50

Pick #51

Pick #52

Pick #53

Pick #54

Pick #55

Pick #56

Pick #57

Pick #58

Pick #59

Pick #60

Pick #61

Pick #62

Pick #63

Pick #64

Pick #65

Pick #66

Pick #67

Pick #68

Pick #69

Pick #70

Pick #71

Pick #72

Pick #73

Pick #74

Pick #75

Pick #76

Pick #77

Pick #78

Pick #79

Pick #80

Pick #81

Pick #82

Pick #83

Pick #84

Pick #85

Pick #86

Pick #87

Pick #88

Pick #89

Pick #90

Pick #91

Pick #92

Pick #93

Pick #94

Pick #95

Pick #96

Pick #97

Pick #98

Pick #99

Pick #100

Pick #101

Pick #102

Pick #103

Pick #104

Pick #105

Pick #106

Pick #107

Pick #108

Pick #109

Pick #110

Pick #111

Pick #112

Pick #113

Pick #114

Pick #115

Pick #116

Pick #117

Pick #118

Pick #119

Pick #120

Pick #121

Pick #122

Pick #123

Pick #124

Pick #125

Pick #126

Pick #127

Pick #128

Pick #129

Pick #130

Full Scoreboard »»

RedWings vs Sabres

Created - April 2, 2024 at 13:14

Goals
1 2 3 T
RedWings 1 0 2 3
Sabres 2 1 2 5
Shots
1 2 3 T
RedWings 9 5 17 31
Sabres 11 8 11 30

GoalsPenalties
1st period
1. Sabres , Nicklas Backstrom 9 (Jake Neighbours 13, Brenden Dillon 23) at 7:16
2. RedWings , Ryan Hartman 31 (Erik Karlsson 61) at 8:49 (PP)
3. Sabres , Nicklas Backstrom 10 (Mason McTavish 19, Jonathan Drouin 21) at 10:56 (PP)
Arber Xhekaj (BUF) for Fighting (Major) at 8:10
Nick Foligno (DET) for Fighting (Major) at 8:10
Arber Xhekaj (BUF) for instigated a fight (Game Misconduct) at 8:10
Drew Doughty (DET) for Roughing (Minor) at 10:48
Erik Karlsson (DET) for Tripping (Minor) at 11:34
2nd period
4. Sabres , Nicklas Backstrom 11 (Jesper Fast 15, Jake Neighbours 14) at 8:41
Patrik Nemeth (DET) for Roughing (Minor) at 4:35
Drew Doughty (DET) for High sticking (Minor) at 18:30
3rd period
5. RedWings , David Pastrnak 21 (David Perron 23, Drew Doughty 47) at 0:58
6. Sabres , Jansen Harkins 8 (Mason Appleton 12, Juraj Slafkovsky 16) at 3:42
7. RedWings , Ryan Hartman 32 (Drew Doughty 48, Seth Jones 32) at 6:26
8. Sabres , Jesper Fast 17 (Nicklas Backstrom 11, Jake Neighbours 15) at 13:20
Seth Jones (DET) for High sticking (Minor) at 9:47
Juraj Slafkovsky (BUF) for Tripping (Minor) at 14:48
Derick Brassard (DET) for Hooking (Minor) at 14:48
Goalie Stats
Adin Hill (DET), 25 saves from 30 shots - (0.833), L, 21-23-1, 60:00 minutes
James Reimer (BUF), 28 saves from 31 shots - (0.903), W, 11-33-4, 60:00 minutes
3 StarsOfficial
1 - Nicklas Backstrom (BUF)
2 - Jesper Fast (BUF)
3 - Jake Neighbours (BUF)
Referees : Steve Kozari and Trevor Hanson
Linesman : Brandon Gawryletz and Steve Miller
Game Note
Arber Xhekaj and Nick Foligno fight to a draw at 8:10 of 1st period
Arber Xhekaj (BUF) for instigated a fight (Game Misconduct) at 8:10
Arber Xhekaj ejected from game at 8:10 of 1st period
Nicklas Backstrom has scored a Hat Trick!
Finance
Level 1 -- Attendance: 5864 (90.22%) -- Ticket Income $697,816
Level 2 -- Attendance: 3762 (75.24%) -- Ticket Income $372,438
Level 3 -- Attendance: 3353 (95.80%) -- Ticket Income $231,357
Level 4 -- Attendance: 2487 (81.01%) -- Ticket Income $121,863
Luxury Box -- Attendance: 912 (91.20%) -- Ticket Income $190,608
Game was played at the Buffalo Pete Center.
Total Attendance: 16378 (85.88%)
Total Ticket Income: $1,614,082
Other Income: $403,520
Total Income: $2,017,602



Team Name Goals Shots Shots Attemp Shots Blocked PIM HIT PP PK FO%
RedWings 33146817211 / 1 (100%)160%
Sabres 53049519271 / 5 (20%)140%

RedWings
Player Name POS G A P +/- PIM HIT SHT SB MP PP MP PP SHT PK MP PK SHT FO% FOT
Brayden SchennC000-2014021:400:0004:22064% 25
David PastrnakRW1010013017:350:0000:00037% 19
David PerronLW0110026018:440:0000:2400% 0
Denis GurianovRW000000006:230:0000:000100% 1
Derick BrassardC0000221014:490:3901:43075% 20
Drew DoughtyD0221410321:070:0002:0700% 0
Erik KarlssonD011-2243223:460:3903:2400% 0
Evgenii DadonovRW000-2003020:230:0004:19036% 11
John CarlsonD000-2001124:550:3903:3100% 0
Mark ScheifeleC000000207:250:0000:140100% 1
Nick CousinsC000001006:230:0000:00043% 7
Nick FolignoLW000-2520014:260:0000:00067% 3
Patrik NemethD000-1200015:010:0001:5700% 0
Phillip Di GiuseppeLW0000000014:370:3901:560100% 3
Ryan HartmanRW2020037018:140:3910:000100% 4
Ryan MurrayD000-1001014:060:0000:0000% 0
Seth JonesD0111240221:000:0001:5900% 0
Stefan NoesenRW0000000010:510:0000:000100% 1
Sabres
Player Name POS G A P +/- PIM HIT SHT SB MP PP MP PP SHT PK MP PK SHT FO% FOT
Arber XhekajD0000171002:460:0000:0000% 0
Blake ColemanC0000063017:172:2900:00032% 25
Brenden DillonD0111011128:035:2310:3300% 0
Brett HowdenC000000007:060:0000:00067% 9
Corey PerryRW000000017:360:0000:000100% 1
Jacob LarssonD0000010019:481:0600:0600% 0
Jake NeighboursLW0332001018:303:1400:0000% 0
Jansen HarkinsC1010012116:100:4500:130100% 2
Jesper FastRW1122024015:490:0000:2600% 3
Jonathan DrouinLW0110010019:013:1500:0000% 3
Juraj SlafkovskyLW0110241018:253:1400:0000% 2
Kaedan KorczakD0002020219:091:0600:0600% 0
Mason AppletonC0110021015:380:0000:26029% 21
Mason McTavishC0110012019:043:1510:00050% 2
Nicklas BackstromC3142029017:303:1530:00052% 27
Philippe MyersD0001023022:542:3620:3300% 0
Victor SoderstromD0000013025:432:4720:0000% 0
Zach SanfordLW000000006:510:0000:1300% 0



Play-by-Play

1st period


0:01 of 1st period - David Pastrnak wins face-off versus Blake Coleman in neutral zone.
0:29 of 1st period - Icing by Blake Coleman.
0:30 of 1st period - Brayden Schenn wins face-off versus Blake Coleman in Sabres zone.
0:36 of 1st period - Off-side.
0:37 of 1st period - Nicklas Backstrom wins face-off versus Derick Brassard in neutral zone.
0:43 of 1st period - Off-side.
0:44 of 1st period - Mason Appleton wins face-off versus Brayden Schenn in neutral zone.
0:47 of 1st period - Brayden Schenn is hit by Juraj Slafkovsky and loses puck.
1:34 of 1st period - Icing by Kaedan Korczak.
1:35 of 1st period - Nick Cousins wins face-off versus Mason Appleton in Sabres zone.
2:30 of 1st period - Shot by Jesper Fast.
2:30 of 1st period - Stopped by Adin Hill without a rebound.
2:31 of 1st period - Brett Howden wins face-off versus David Pastrnak in RedWings zone.
2:46 of 1st period - Shot by David Perron.
2:46 of 1st period - Shot Blocked by Brenden Dillon.
3:02 of 1st period - Shot by Brett Howden.
3:02 of 1st period - Shot Misses the Net.
3:10 of 1st period - Shot by Ryan Hartman.
3:10 of 1st period - Shot Misses the Net.
3:30 of 1st period - Shot by Jesper Fast.
3:30 of 1st period - Stopped by Adin Hill without a rebound.
3:31 of 1st period - Derick Brassard wins face-off versus Blake Coleman in RedWings zone.
3:31 of 1st period - Derick Brassard is hit by Blake Coleman.
3:55 of 1st period - Shot by Blake Coleman.
3:55 of 1st period - Stopped by Adin Hill without a rebound.
3:56 of 1st period - Brayden Schenn wins face-off versus Nicklas Backstrom in RedWings zone.
4:17 of 1st period - Drew Doughty is hit by Jesper Fast.
5:18 of 1st period - Erik Karlsson is hit by Arber Xhekaj and loses puck.
5:31 of 1st period - Erik Karlsson is hit by Blake Coleman and loses puck.
6:09 of 1st period - Shot by David Perron.
6:09 of 1st period - Shot Misses the Net.
6:34 of 1st period - Icing by Kaedan Korczak.
6:35 of 1st period - Mason Appleton wins face-off versus Brayden Schenn in Sabres zone.
7:16 of 1st period - Shot by Nicklas Backstrom.
7:16 of 1st period - Goal by Nicklas Backstrom - RedWings : 0 - Sabres : 1.
7:17 of 1st period - Derick Brassard wins face-off versus Blake Coleman in neutral zone.
7:32 of 1st period - Icing by Arber Xhekaj.
7:33 of 1st period - Blake Coleman wins face-off versus David Pastrnak in Sabres zone.
7:57 of 1st period - Icing by Arber Xhekaj.
7:58 of 1st period - Blake Coleman wins face-off versus Brayden Schenn in Sabres zone.
8:10 of 1st period - Arber Xhekaj and Nick Foligno fight to a draw.
8:10 of 1st period - Penalty to Arber Xhekaj for Fighting.
8:10 of 1st period - Penalty to Nick Foligno for Fighting.
8:10 of 1st period - Penalty to Arber Xhekaj for instigated a fight.
8:10 of 1st period - Arber Xhekaj is ejected from game.
8:11 of 1st period - Jansen Harkins wins face-off versus Derick Brassard in RedWings zone.
8:17 of 1st period - Icing by Derick Brassard.
8:18 of 1st period - Ryan Hartman wins face-off versus Jesper Fast in RedWings zone.
8:18 of 1st period - Ryan Hartman is hit by Mason Appleton.
8:21 of 1st period - Icing by John Carlson.
8:22 of 1st period - Ryan Hartman wins face-off versus Mason Appleton in RedWings zone.
8:49 of 1st period - Shot by Ryan Hartman.
8:49 of 1st period - Goal by Ryan Hartman - RedWings : 1 - Sabres : 1.
8:50 of 1st period - Brett Howden wins face-off versus Brayden Schenn in neutral zone.
9:15 of 1st period - Shot by Victor Soderstrom.
9:15 of 1st period - Stopped by Adin Hill without a rebound.
9:16 of 1st period - David Pastrnak wins face-off versus Nicklas Backstrom in RedWings zone.
9:33 of 1st period - Shot by John Carlson.
9:33 of 1st period - Stopped by James Reimer without a rebound.
9:34 of 1st period - Mason Appleton wins face-off versus Nick Cousins in Sabres zone.
9:34 of 1st period - Mason Appleton is hit by Nick Cousins.
10:23 of 1st period - Victor Soderstrom is hit by Drew Doughty and loses puck.
10:48 of 1st period - Minor Penalty to Drew Doughty for Roughing.
10:49 of 1st period - Mason McTavish wins face-off versus Evgenii Dadonov in RedWings zone.
10:56 of 1st period - Shot by Nicklas Backstrom.
10:56 of 1st period - Goal by Nicklas Backstrom - RedWings : 1 - Sabres : 2.
10:57 of 1st period - David Pastrnak wins face-off versus Blake Coleman in neutral zone.
11:32 of 1st period - Brenden Dillon is hit by Erik Karlsson and loses puck.
11:34 of 1st period - Minor Penalty to Erik Karlsson for Tripping.
11:35 of 1st period - Derick Brassard wins face-off versus Nicklas Backstrom in RedWings zone.
11:46 of 1st period - Icing by Jesper Fast.
11:47 of 1st period - Nicklas Backstrom wins face-off versus Brayden Schenn in Sabres zone.
11:49 of 1st period - Jake Neighbours is hit by Brayden Schenn and loses puck.
12:08 of 1st period - Shot by Evgenii Dadonov.
12:08 of 1st period - Stopped by James Reimer without a rebound.
12:09 of 1st period - David Pastrnak wins face-off versus Blake Coleman in Sabres zone.
12:20 of 1st period - Shot by Ryan Hartman.
12:20 of 1st period - Stopped by James Reimer without a rebound.
12:21 of 1st period - Brayden Schenn wins face-off versus Nicklas Backstrom in Sabres zone.
12:43 of 1st period - Icing by John Carlson.
12:44 of 1st period - Brayden Schenn wins face-off versus Mason Appleton in RedWings zone.
12:55 of 1st period - Shot by Brayden Schenn.
12:55 of 1st period - Stopped by James Reimer with a rebound.
13:23 of 1st period - Shot by Nicklas Backstrom.
13:23 of 1st period - Shot Blocked by Seth Jones.
13:25 of 1st period - Shot by Nicklas Backstrom.
13:25 of 1st period - Stopped by Adin Hill without a rebound.
13:26 of 1st period - Phillip Di Giuseppe wins face-off versus Blake Coleman in RedWings zone.
13:26 of 1st period - Phillip Di Giuseppe is hit by Blake Coleman.
13:55 of 1st period - Icing by Seth Jones.
13:56 of 1st period - Nicklas Backstrom wins face-off versus Nick Cousins in RedWings zone.
14:03 of 1st period - Shot by Jesper Fast.
14:03 of 1st period - Deflect By Nicklas Backstrom.
14:03 of 1st period - Stopped by Adin Hill with a rebound.
14:07 of 1st period - Shot by Nicklas Backstrom.
14:07 of 1st period - Stopped by Adin Hill without a rebound.
14:08 of 1st period - David Pastrnak wins face-off versus Blake Coleman in RedWings zone.
14:08 of 1st period - David Pastrnak is hit by Blake Coleman.
14:29 of 1st period - Erik Karlsson is hit by Victor Soderstrom and loses puck.
14:38 of 1st period - Shot by Ryan Hartman.
14:38 of 1st period - Stopped by James Reimer without a rebound.
14:39 of 1st period - Nicklas Backstrom wins face-off versus Derick Brassard in Sabres zone.
14:46 of 1st period - Shot by Derick Brassard.
14:46 of 1st period - Shot Misses the Net.
14:53 of 1st period - Derick Brassard is hit by Philippe Myers and loses puck.
15:12 of 1st period - Shot by Stefan Noesen.
15:12 of 1st period - Shot Misses the Net.
15:14 of 1st period - Shot by Ryan Murray.
15:14 of 1st period - Stopped by James Reimer without a rebound.
15:15 of 1st period - Mason Appleton wins face-off versus David Pastrnak in Sabres zone.
15:30 of 1st period - Mason Appleton is hit by Ryan Hartman.
15:38 of 1st period - Shot by Mason Appleton.
15:38 of 1st period - Stopped by Adin Hill without a rebound.
15:39 of 1st period - Brayden Schenn wins face-off versus Blake Coleman in RedWings zone.
15:41 of 1st period - Icing by Seth Jones.
15:42 of 1st period - Brayden Schenn wins face-off versus Nicklas Backstrom in RedWings zone.
17:20 of 1st period - Shot by David Perron.
17:20 of 1st period - Stopped by James Reimer without a rebound.
17:21 of 1st period - Derick Brassard wins face-off versus Blake Coleman in Sabres zone.
18:31 of 1st period - Mark Scheifele is hit by Jacob Larsson and loses puck.
18:52 of 1st period - Shot by Denis Gurianov.
18:52 of 1st period - Deflect By Mark Scheifele.
18:52 of 1st period - Stopped by James Reimer without a rebound.
18:53 of 1st period - Corey Perry wins face-off versus David Pastrnak in Sabres zone.
19:14 of 1st period - Icing by John Carlson.
19:15 of 1st period - Mason Appleton wins face-off versus David Pastrnak in RedWings zone.
19:24 of 1st period - Shot by Jansen Harkins.
19:24 of 1st period - Stopped by Adin Hill without a rebound.
19:25 of 1st period - Brayden Schenn wins face-off versus Mason Appleton in RedWings zone.
19:25 of 1st period - Brayden Schenn is hit by Juraj Slafkovsky.
Goals for this period are 1 for RedWings vs 2 for Sabres.
Shots for this period are 9 for RedWings vs 11 for Sabres.

2nd period


0:01 of 2nd period - Blake Coleman wins face-off versus David Pastrnak in neutral zone.
0:01 of 2nd period - Blake Coleman is hit by Ryan Hartman.
0:04 of 2nd period - Mason McTavish is hit by David Perron and loses puck.
0:17 of 2nd period - Shot by Blake Coleman.
0:17 of 2nd period - Stopped by Adin Hill without a rebound.
0:18 of 2nd period - Derick Brassard wins face-off versus Mason Appleton in RedWings zone.
1:21 of 2nd period - Shot by Ryan Hartman.
1:21 of 2nd period - Shot Blocked by Jansen Harkins.
1:23 of 2nd period - Shot by Erik Karlsson.
1:23 of 2nd period - Stopped by James Reimer without a rebound.
1:24 of 2nd period - Blake Coleman wins face-off versus Nick Foligno in Sabres zone.
1:47 of 2nd period - Shot by Mason McTavish.
1:47 of 2nd period - Deflect By Blake Coleman.
1:47 of 2nd period - Stopped by Adin Hill with a rebound.
1:53 of 2nd period - Shot by Blake Coleman.
1:53 of 2nd period - Shot Misses the Net.
1:55 of 2nd period - Shot by Philippe Myers.
1:55 of 2nd period - Stopped by Adin Hill with a rebound.
2:10 of 2nd period - Off-side.
2:11 of 2nd period - Ryan Hartman wins face-off versus Nicklas Backstrom in neutral zone.
3:07 of 2nd period - Off-side.
3:08 of 2nd period - Derick Brassard wins face-off versus Mason Appleton in neutral zone.
3:08 of 2nd period - Derick Brassard is hit by Juraj Slafkovsky.
3:36 of 2nd period - Shot by Juraj Slafkovsky.
3:36 of 2nd period - Stopped by Adin Hill without a rebound.
3:37 of 2nd period - Brayden Schenn wins face-off versus Blake Coleman in RedWings zone.
3:37 of 2nd period - Brayden Schenn is hit by Blake Coleman.
3:42 of 2nd period - Icing by Nick Foligno.
3:43 of 2nd period - Brayden Schenn wins face-off versus Jesper Fast in RedWings zone.
3:43 of 2nd period - Evgenii Dadonov is hit by Jesper Fast and loses puck.
3:47 of 2nd period - Icing by Ryan Murray.
3:48 of 2nd period - Brayden Schenn wins face-off versus Blake Coleman in RedWings zone.
4:35 of 2nd period - Minor Penalty to Patrik Nemeth for Roughing.
4:36 of 2nd period - Evgenii Dadonov wins face-off versus Blake Coleman in RedWings zone.
5:09 of 2nd period - Shot by Brenden Dillon.
5:09 of 2nd period - Shot Misses the Net.
6:10 of 2nd period - Icing by Jake Neighbours.
6:11 of 2nd period - Jansen Harkins wins face-off versus Evgenii Dadonov in Sabres zone.
6:46 of 2nd period - Off-side.
6:47 of 2nd period - Brett Howden wins face-off versus Nick Cousins in neutral zone.
8:21 of 2nd period - Shot by Jesper Fast.
8:21 of 2nd period - Shot Hit the Post.
8:27 of 2nd period - Shot by Nicklas Backstrom.
8:27 of 2nd period - Deflect By Jesper Fast.
8:27 of 2nd period - Shot Blocked by Erik Karlsson.
8:29 of 2nd period - Shot by Nicklas Backstrom.
8:29 of 2nd period - Shot Misses the Net.
8:31 of 2nd period - Shot by Jesper Fast.
8:31 of 2nd period - Shot Misses the Net.
8:41 of 2nd period - Shot by Nicklas Backstrom.
8:41 of 2nd period - Goal by Nicklas Backstrom - RedWings : 1 - Sabres : 3.
8:42 of 2nd period - Brayden Schenn wins face-off versus Mason Appleton in neutral zone.
8:42 of 2nd period - Brayden Schenn is hit by Jansen Harkins.
9:52 of 2nd period - Jonathan Drouin is hit by Seth Jones and loses puck.
10:24 of 2nd period - Jake Neighbours is hit by Seth Jones and loses puck.
10:51 of 2nd period - Icing by Brayden Schenn.
10:52 of 2nd period - Brayden Schenn wins face-off versus Brett Howden in RedWings zone.
11:41 of 2nd period - Shot by David Perron.
11:41 of 2nd period - Stopped by James Reimer without a rebound.
11:42 of 2nd period - Derick Brassard wins face-off versus Jesper Fast in Sabres zone.
11:59 of 2nd period - Shot by Jake Neighbours.
11:59 of 2nd period - Stopped by Adin Hill without a rebound.
12:00 of 2nd period - Denis Gurianov wins face-off versus Mason Appleton in RedWings zone.
12:00 of 2nd period - Denis Gurianov is hit by Mason Appleton.
12:40 of 2nd period - John Carlson is hit by Philippe Myers and loses puck.
12:51 of 2nd period - Icing by Erik Karlsson.
12:52 of 2nd period - Nick Cousins wins face-off versus Nicklas Backstrom in RedWings zone.
12:58 of 2nd period - Off-side.
12:59 of 2nd period - Nicklas Backstrom wins face-off versus David Pastrnak in neutral zone.
12:59 of 2nd period - Jesper Fast is hit by David Perron and loses puck.
13:22 of 2nd period - Shot by David Pastrnak.
13:22 of 2nd period - Shot Misses the Net.
13:24 of 2nd period - Shot by David Perron.
13:24 of 2nd period - Stopped by James Reimer with a rebound.
13:26 of 2nd period - Shot by Ryan Hartman.
13:26 of 2nd period - Stopped by James Reimer without a rebound.
13:27 of 2nd period - Derick Brassard wins face-off versus Blake Coleman in Sabres zone.
13:50 of 2nd period - Shot by Blake Coleman.
13:50 of 2nd period - Shot Blocked by Drew Doughty.
14:03 of 2nd period - Jonathan Drouin is hit by Derick Brassard.
14:16 of 2nd period - Icing by Seth Jones.
14:17 of 2nd period - Nicklas Backstrom wins face-off versus Derick Brassard in RedWings zone.
14:49 of 2nd period - Jesper Fast is hit by Ryan Hartman and loses puck.
15:02 of 2nd period - Shot by David Pastrnak.
15:02 of 2nd period - Stopped by James Reimer without a rebound.
15:03 of 2nd period - Brayden Schenn wins face-off versus Mason Appleton in Sabres zone.
15:03 of 2nd period - Patrik Nemeth is hit by Brenden Dillon and loses puck.
15:52 of 2nd period - Icing by Patrik Nemeth.
15:53 of 2nd period - Nick Foligno wins face-off versus Blake Coleman in RedWings zone.
17:36 of 2nd period - Shot by Jesper Fast.
17:36 of 2nd period - Stopped by Adin Hill without a rebound.
17:37 of 2nd period - Derick Brassard wins face-off versus Mason Appleton in RedWings zone.
17:41 of 2nd period - Icing by Seth Jones.
17:42 of 2nd period - Derick Brassard wins face-off versus Juraj Slafkovsky in RedWings zone.
17:54 of 2nd period - Off-side.
17:55 of 2nd period - Brayden Schenn wins face-off versus Brett Howden in neutral zone.
17:57 of 2nd period - Off-side.
17:58 of 2nd period - Derick Brassard wins face-off versus Mason Appleton in neutral zone.
18:24 of 2nd period - Mason Appleton is hit by Seth Jones and loses puck.
18:30 of 2nd period - Minor Penalty to Drew Doughty for High sticking.
18:31 of 2nd period - Evgenii Dadonov wins face-off versus Nicklas Backstrom in RedWings zone.
19:06 of 2nd period - Shot by Jonathan Drouin.
19:06 of 2nd period - Shot Blocked by Erik Karlsson.
19:08 of 2nd period - Shot by Mason McTavish.
19:08 of 2nd period - Shot Misses the Net.
19:10 of 2nd period - Shot by Brenden Dillon.
19:10 of 2nd period - Stopped by Adin Hill without a rebound.
19:11 of 2nd period - Blake Coleman wins face-off versus Evgenii Dadonov in RedWings zone.
Goals for this period are 0 for RedWings vs 1 for Sabres.
Shots for this period are 5 for RedWings vs 8 for Sabres.

3rd period


0:01 of 3rd period - Nicklas Backstrom wins face-off versus Evgenii Dadonov in neutral zone.
0:15 of 3rd period - Shot by Philippe Myers.
0:15 of 3rd period - Stopped by Adin Hill with a rebound.
0:17 of 3rd period - Shot by Mason McTavish.
0:17 of 3rd period - Shot Blocked by Seth Jones.
0:19 of 3rd period - Shot by Brenden Dillon.
0:19 of 3rd period - Shot Misses the Net.
0:21 of 3rd period - Shot by Mason McTavish.
0:21 of 3rd period - Stopped by Adin Hill without a rebound.
0:22 of 3rd period - Evgenii Dadonov wins face-off versus Blake Coleman in RedWings zone.
0:22 of 3rd period - Evgenii Dadonov is hit by Blake Coleman.
0:38 of 3rd period - Icing by Drew Doughty.
0:39 of 3rd period - David Pastrnak wins face-off versus Nicklas Backstrom in RedWings zone.
0:56 of 3rd period - Shot by David Perron.
0:56 of 3rd period - Shot Misses the Net.
0:58 of 3rd period - Shot by David Pastrnak.
0:58 of 3rd period - Goal by David Pastrnak - RedWings : 2 - Sabres : 3.
0:59 of 3rd period - Brayden Schenn wins face-off versus Mason Appleton in neutral zone.
1:06 of 3rd period - Jansen Harkins is hit by Erik Karlsson and loses puck.
1:13 of 3rd period - Juraj Slafkovsky is hit by Nick Foligno.
1:21 of 3rd period - Shot by Brayden Schenn.
1:21 of 3rd period - Stopped by James Reimer without a rebound.
1:22 of 3rd period - Nicklas Backstrom wins face-off versus David Pastrnak in Sabres zone.
3:24 of 3rd period - Icing by Kaedan Korczak.
3:25 of 3rd period - Nick Foligno wins face-off versus Mason Appleton in Sabres zone.
3:42 of 3rd period - Shot by Jansen Harkins.
3:42 of 3rd period - Goal by Jansen Harkins - RedWings : 2 - Sabres : 4.
3:43 of 3rd period - Nicklas Backstrom wins face-off versus Nick Cousins in neutral zone.
3:52 of 3rd period - Shot by Nicklas Backstrom.
3:52 of 3rd period - Stopped by Adin Hill without a rebound.
3:53 of 3rd period - Brayden Schenn wins face-off versus Blake Coleman in RedWings zone.
4:18 of 3rd period - Shot by Evgenii Dadonov.
4:18 of 3rd period - Stopped by James Reimer without a rebound.
4:19 of 3rd period - Derick Brassard wins face-off versus Nicklas Backstrom in Sabres zone.
4:48 of 3rd period - Shot by Derick Brassard.
4:48 of 3rd period - Stopped by James Reimer without a rebound.
4:49 of 3rd period - Ryan Hartman wins face-off versus Mason Appleton in Sabres zone.
4:56 of 3rd period - Shot by David Perron.
4:56 of 3rd period - Stopped by James Reimer with a rebound.
5:00 of 3rd period - Shot by David Perron.
5:00 of 3rd period - Stopped by James Reimer with a rebound.
5:02 of 3rd period - Shot by Ryan Hartman.
5:02 of 3rd period - Stopped by James Reimer without a rebound.
5:03 of 3rd period - Blake Coleman wins face-off versus Brayden Schenn in Sabres zone.
5:19 of 3rd period - Jonathan Drouin is hit by Erik Karlsson and loses puck.
6:26 of 3rd period - Shot by Ryan Hartman.
6:26 of 3rd period - Goal by Ryan Hartman - RedWings : 3 - Sabres : 4.
6:27 of 3rd period - Derick Brassard wins face-off versus Nicklas Backstrom in neutral zone.
6:32 of 3rd period - Shot by Phillip Di Giuseppe.
6:32 of 3rd period - Shot Misses the Net.
7:37 of 3rd period - Icing by Brenden Dillon.
7:38 of 3rd period - Brett Howden wins face-off versus Brayden Schenn in Sabres zone.
8:01 of 3rd period - Shot by Brayden Schenn.
8:01 of 3rd period - Stopped by James Reimer without a rebound.
8:02 of 3rd period - David Pastrnak wins face-off versus Mason Appleton in Sabres zone.
8:22 of 3rd period - Icing by Jacob Larsson.
8:23 of 3rd period - Mason Appleton wins face-off versus Brayden Schenn in Sabres zone.
8:30 of 3rd period - Erik Karlsson is hit by Juraj Slafkovsky and loses puck.
9:28 of 3rd period - Shot by David Pastrnak.
9:28 of 3rd period - Stopped by James Reimer without a rebound.
9:29 of 3rd period - Stefan Noesen wins face-off versus Nicklas Backstrom in Sabres zone.
9:42 of 3rd period - Shot by Nicklas Backstrom.
9:42 of 3rd period - Stopped by Adin Hill without a rebound.
9:43 of 3rd period - Brett Howden wins face-off versus David Pastrnak in RedWings zone.
9:47 of 3rd period - Minor Penalty to Seth Jones for High sticking.
9:48 of 3rd period - Nicklas Backstrom wins face-off versus Evgenii Dadonov in RedWings zone.
10:13 of 3rd period - Shot by Nicklas Backstrom.
10:13 of 3rd period - Stopped by Adin Hill with a rebound.
10:15 of 3rd period - Shot by Jonathan Drouin.
10:15 of 3rd period - Shot Misses the Net.
10:17 of 3rd period - Shot by Philippe Myers.
10:17 of 3rd period - Stopped by Adin Hill without a rebound.
10:18 of 3rd period - Blake Coleman wins face-off versus Evgenii Dadonov in RedWings zone.
10:28 of 3rd period - Shot by Juraj Slafkovsky.
10:28 of 3rd period - Shot Blocked by Drew Doughty.
10:30 of 3rd period - Shot by Victor Soderstrom.
10:30 of 3rd period - Stopped by Adin Hill without a rebound.
10:31 of 3rd period - Blake Coleman wins face-off versus Evgenii Dadonov in RedWings zone.
10:34 of 3rd period - Shot by Juraj Slafkovsky.
10:34 of 3rd period - Shot Misses the Net.
10:50 of 3rd period - Shot by Victor Soderstrom.
10:50 of 3rd period - Stopped by Adin Hill without a rebound.
10:51 of 3rd period - Evgenii Dadonov wins face-off versus Nicklas Backstrom in RedWings zone.
10:51 of 3rd period - Evgenii Dadonov is hit by Jonathan Drouin.
11:25 of 3rd period - Brayden Schenn is hit by Nicklas Backstrom and loses puck.
11:51 of 3rd period - Icing by Erik Karlsson.
11:52 of 3rd period - Brett Howden wins face-off versus David Pastrnak in RedWings zone.
11:52 of 3rd period - Brett Howden is hit by Erik Karlsson.
12:18 of 3rd period - Shot by David Perron.
12:18 of 3rd period - Stopped by James Reimer with a rebound.
12:20 of 3rd period - Shot by Ryan Hartman.
12:20 of 3rd period - Shot Blocked by Kaedan Korczak.
12:22 of 3rd period - Shot by John Carlson.
12:22 of 3rd period - Shot Misses the Net.
12:24 of 3rd period - Shot by John Carlson.
12:24 of 3rd period - Shot Blocked by Corey Perry.
12:26 of 3rd period - Shot by Ryan Hartman.
12:26 of 3rd period - Stopped by James Reimer without a rebound.
12:27 of 3rd period - Nicklas Backstrom wins face-off versus Derick Brassard in Sabres zone.
12:27 of 3rd period - Nicklas Backstrom is hit by Derick Brassard.
12:33 of 3rd period - Seth Jones is hit by Nicklas Backstrom and loses puck.
12:43 of 3rd period - Icing by Derick Brassard.
12:44 of 3rd period - Derick Brassard wins face-off versus Jonathan Drouin in RedWings zone.
13:00 of 3rd period - Kaedan Korczak is hit by Seth Jones.
13:14 of 3rd period - Shot by Jonathan Drouin.
13:14 of 3rd period - Shot Blocked by Drew Doughty.
13:16 of 3rd period - Shot by Kaedan Korczak.
13:16 of 3rd period - Deflect By Mason McTavish.
13:16 of 3rd period - Stopped by Adin Hill without a rebound.
13:17 of 3rd period - Nicklas Backstrom wins face-off versus David Pastrnak in RedWings zone.
13:18 of 3rd period - Shot by Jake Neighbours.
13:18 of 3rd period - Deflect By Nicklas Backstrom.
13:18 of 3rd period - Shot Blocked by John Carlson.
13:20 of 3rd period - Shot by Jesper Fast.
13:20 of 3rd period - Goal by Jesper Fast - RedWings : 3 - Sabres : 5.
13:21 of 3rd period - Nicklas Backstrom wins face-off versus David Pastrnak in neutral zone.
13:41 of 3rd period - Jake Neighbours is hit by David Pastrnak.
13:58 of 3rd period - Icing by Brenden Dillon.
13:59 of 3rd period - Nicklas Backstrom wins face-off versus Brayden Schenn in Sabres zone.
13:59 of 3rd period - Nicklas Backstrom is hit by Nick Foligno.
14:17 of 3rd period - Shot by Evgenii Dadonov.
14:17 of 3rd period - Stopped by James Reimer without a rebound.
14:18 of 3rd period - Derick Brassard wins face-off versus Juraj Slafkovsky in Sabres zone.
14:48 of 3rd period - Minor Penalty to Juraj Slafkovsky for Tripping.
14:48 of 3rd period - Minor Penalty to Derick Brassard for Hooking.
14:49 of 3rd period - Phillip Di Giuseppe wins face-off versus Jonathan Drouin in neutral zone.
14:58 of 3rd period - Shot by Erik Karlsson.
14:58 of 3rd period - Stopped by James Reimer without a rebound.
14:59 of 3rd period - Phillip Di Giuseppe wins face-off versus Jonathan Drouin in Sabres zone.
15:10 of 3rd period - Shot by Brayden Schenn.
15:10 of 3rd period - Shot Misses the Net.
15:12 of 3rd period - Shot by Erik Karlsson.
15:12 of 3rd period - Deflect By Brayden Schenn.
15:12 of 3rd period - Stopped by James Reimer with a rebound.
15:14 of 3rd period - Shot by Erik Karlsson.
15:14 of 3rd period - Stopped by James Reimer without a rebound.
15:15 of 3rd period - Mark Scheifele wins face-off versus Mason McTavish in Sabres zone.
16:10 of 3rd period - Erik Karlsson is hit by Mason McTavish and loses puck.
16:47 of 3rd period - Shot by Corey Perry.
16:47 of 3rd period - Shot Misses the Net.
16:54 of 3rd period - Ryan Murray is hit by Kaedan Korczak and loses puck.
17:17 of 3rd period - Shot by Mark Scheifele.
17:17 of 3rd period - Stopped by James Reimer with a rebound.
17:19 of 3rd period - Shot by Mark Scheifele.
17:19 of 3rd period - Shot Blocked by Kaedan Korczak.
17:21 of 3rd period - Shot by Nick Cousins.
17:21 of 3rd period - Shot Misses the Net.
17:42 of 3rd period - Nick Foligno is hit by Kaedan Korczak and loses puck.
19:46 of 3rd period - Off-side.
19:47 of 3rd period - Nick Cousins wins face-off versus Brett Howden in neutral zone.
Goals for this period are 2 for RedWings vs 2 for Sabres.
Shots for this period are 17 for RedWings vs 11 for Sabres.